 Dungeon Crawl Stone Soup version 0.26-a0-834-g69557b85cc (webtiles) character file.

Game seed: 17542415190387477924

514 robertstho the Slinger (level 7, -4/46 HPs)
             Began as a Halfling Hunter on Nov 16, 2020.
             Splashed by Ijyb's acid (11 damage)
             ... on level 5 of the Dungeon.
             The game lasted 00:03:44 (3690 turns).

robertstho the Slinger (Halfling Hunter)            Turns: 3690, Time: 00:03:45

Health: -4/46      AC:  0    Str: 14    XL:     7   Next: 44%
Magic:  7/7        EV: 15    Int:  9    God:
Gold:   164        SH:  0    Dex: 16    Spells: 6/6 levels left

rFire    . . .     SeeInvis .   a - +1 hunting sling
rCold    . . .     Faith    .   (shield restricted)
rNeg     . . .     Spirit   .   c - +0 leather armour
rPois    .         Reflect  .   (no helmet)
rElec    .         Harm     .   (no cloak)
rCorr    .         Rampage  .   (no gloves)
MR       .....                  (no boots)
Stlth    ++........             (no amulet)
HPRegen  0.15/turn              (no ring)
MPRegen  0.10/turn              (no ring)

@: corroded, attractive
A: small, mutation resistance 1
a: no special abilities


You were on level 5 of the Dungeon.
You visited 2 branches of the dungeon, and saw 6 of its levels.

You collected 164 gold pieces.

Inventory:

Hand Weapons
 a - a +1 hunting sling (weapon)
 b - a +0 short sword
 f - a +2 vorpal hand axe
Missiles
 g - 196 stones
 u - 8 sling bullets (quivered)
Armour
 c - a +0 leather armour (worn)
Jewellery
 x - an uncursed ring of resist corrosion {unknown}
Wands
 y - a wand of iceblast (9)
Scrolls
 d - 2 scrolls of fear {unknown}
 e - 3 scrolls of teleportation {unknown}
 i - 7 scrolls of identify {unknown}
 j - 4 scrolls of magic mapping {unknown}
 n - 2 scrolls of fog {unknown}
 p - a scroll of amnesia {unknown}
 s - a scroll of enchant armour {unknown}
 t - 2 scrolls of remove curse {unknown}
 v - a scroll of noise {unknown}
 z - a scroll of immolation {unknown}
Potions
 h - a potion of mutation {unknown}
 k - 4 potions of attraction
 l - a potion of berserk rage {unknown}
 m - 2 potions of heal wounds {unknown}
 o - a potion of ambrosia {unknown}
 q - a potion of might {unknown}
 r - a potion of lignification {unknown}


   Skills:
 + Level 3.1 Fighting
 + Level 10.2 Slings
 + Level 1.2 Armour
 + Level 2.6 Dodging
 + Level 3.1 Stealth


You had 6 spell levels left.
You didn't know any spells.
Your spell library contained the following spells:

 Spells                   Type           Power        Failure   Level
 Magic Dart               Conj           #...         45%         1
 Blink                    Tloc           N/A          58%         2
 Call Imp                 Summ           #.......     58%         2
 Slow                     Hex            #.......     58%         2
 Conjure Flame            Conj/Fire      #.......     83%         3
 Mephitic Cloud           Conj/Pois/Air  #.......     83%         3


Dungeon Overview and Level Annotations

Branches:
Dungeon (5/15)             Temple (1/1) D:4

Altars:
Ashenzari
Cheibriados
Dithmenos
Elyvilon
Fedhas
Gozag
Hepliaklqana
Kikubaaqudgha
Makhleb
Nemelex Xobeh
Sif Muna
Uskayaw
Wu Jian
Xom
Yredelemnul
Zin
The Shining One

Annotations:
D:5 Ijyb


Innate Abilities, Weirdness & Mutations

You are small and have problems with some larger weapons.
You are somewhat resistant to further mutation.


Message History

You feel attractive to monsters. Ijyb is pulled toward you!
Ijyb barely misses you.
Evoke which item? (* to show all) (? for menu, Esc to quit)
Aiming: Iceblast
Press: ? - help, Shift-Dir - straight line, f/p - Ijyb
Aim: Ijyb, wielding a +0 club, wearing a +0 ring mail and carrying a wand of acid (9) (moderately wounded)
Okay, then.
You are too injured to fight recklessly!
You are too injured to fight recklessly!
It was a potion of curing.
You feel better.
Ijyb zaps a wand.
The bolt of acid misses you.
You feel better.
Ijyb zaps a wand.
The bolt of acid hits you!
You are splashed with acid!
* * * LOW HITPOINT WARNING * * *
You feel better.
A jackal comes into view.
Ijyb zaps a wand.
The bolt of acid hits you!
* * * LOW HITPOINT WARNING * * *
You are splashed with acid!
You die...

...## #.#.###
#.(h###♣♣ .......
.(..!...♣♣ #.#.##
#.((.....♣ ...#
#(..≈≈≈... #.##
##.(≈≈≈≈≈.. #.#
#...≈≈♣≈≈.. #.#
#..g≈≈≈≈≈.. #.#
#..@.≈≈≈... #.#
#.........♣ #)####
##.#.....♣♣ #(.).##
#.#####♣♣
###.(.#########.#
#.....).......#######
#...#########.......#
##### #########


You could see Ijyb and a jackal (wandering).

Vanquished Creatures
  2 ogres
  A centaur (D:5)
  An orc priest (D:4)
  3 worker ants
  5 adders
  A white imp (D:5)
  2 oozes
  3 worms
  3 leopard geckos
  18 orcs
  2 giant cockroaches
  5 goblins
  8 hobgoblins
  9 kobolds
  2 quokkas (D:3)
  A ball python (D:3)
  3 bats
  8 frilled lizards
  9 rats
86 creatures vanquished.

Notes
Turn   | Place    | Note
-------+----------+-------------------------------------------
     0 | D:1      | robertstho the Halfling Hunter began the quest for the Orb.
     0 | D:1      | Reached XP level 1. HP: 14/14 MP: 1/1
    86 | D:1      | Reached skill level 6 in Slings
   152 | D:1      | Reached XP level 2. HP: 19/19 MP: 2/2
   370 | D:1      | Reached XP level 3. HP: 24/24 MP: 3/3
   944 | D:2      | Found a faded altar of an unknown god.
  1058 | D:2      | Reached skill level 7 in Slings
  1144 | D:2      | Reached XP level 4. HP: 28/29 MP: 4/4
  1418 | D:2      | Reached XP level 5. HP: 33/34 MP: 5/5
  1650 | D:3      | Found a broken altar of Ashenzari.
  1694 | D:3      | Reached skill level 8 in Slings
  1974 | D:3      | Noticed an ogre
  1982 | D:3      | Killed an ogre
  1983 | D:3      | Reached skill level 1 in Armour
  1983 | D:3      | Reached XP level 6. HP: 36/41 MP: 6/6
  2073 | D:3      | Reached skill level 9 in Slings
  2221 | D:3      | Found an ornate altar of the Wu Jian Council.
  2507 | D:4      | Noticed an ogre
  2513 | D:4      | Killed an ogre
  2514 | D:4      | Reached XP level 7. HP: 32/45 MP: 7/7
  2696 | D:4      | Found a staircase to the Ecumenical Temple.
  3036 | Temple   | Entered the Ecumenical Temple
  3337 | D:4      | Reached skill level 10 in Slings
  3470 | D:5      | Entered Level 5 of the Dungeon
  3681 | D:5      | Noticed Ijyb
  3690 | D:5      | Splashed by Ijyb's acid

Illustrated notes

Levels and vault maps discovered:
D:1:      giann_horns, layout_loops_corners, minmay_misc_feat_cross,
          minmay_misc_feat_chi
D:2:      layout_loops_cross, chequers_ecumenical_altar_simple
D:3:      layout_loops_ring, cheibrodos_ashenzari_chains,
          general_overflow_altar, minivault_14
D:4:      layout_basic, minmay_temple_entry_grid
D:5:      layout_loops_ring, elyvilon_altar_3, uniq_ijyb, uniq_duvessa,
          uniq_menkaure, uniq_eustachio
Temple:   eino_wide_crystal_templ

Skill      XL: |  1  2  3  4  5  6  7 |
---------------+----------------------+-----
Slings         | 6 7 8 9 10 | 10.2
Fighting       | 2 3 |  3.1
Stealth        | 2 3 |  3.1
Armour         | 1 |  1.2
Dodging        | |  2.6

Action                   |  1- 3 |  4- 6 |  7- 9 || total
-------------------------+-------+-------+-------++-------
Melee: Hand axe          |     1 |       |       ||     1
 Fire: Hunting sling     |    78 |   123 |    48 ||   249
  Use: Potion            |       |       |     4 ||     4
Armor: Leather armour    |     4 |       |     2 ||     6
Dodge: Dodged            |    12 |    15 |     9 ||    36

Table legend: (Time is in decaauts)
 A = Elapsed time spent in this place.
 B = Non-inter-level travel time spent in this place.
 C = Inter-level travel time spent in this place.
 D = Time resting spent in this place.
 E = Time spent auto-exploring this place.
 F = Levels seen in this place.
 G = Mean time per level.
                   A        B        C        D        E       F      G
               +--------+--------+--------+--------+--------+-----+--------+
         Total |   3638 |   3466 |    172 |      0 |   3074 |   6 |  606.3 |
       Dungeon |   3588 |   3425 |    163 |      0 |   3032 |   5 |  717.6 |
        Temple |     50 |     42 |      8 |      0 |     42 |   1 |   50.0 |
               +--------+--------+--------+--------+--------+-----+--------+

Top non-repeatable levels by time:
     D:4: 913 daAuts
     D:1: 887 daAuts
     D:3: 876 daAuts
     D:2: 698 daAuts
     D:5: 212 daAuts
  Temple: 50 daAuts
